 Dungeon Crawl Stone Soup version 0.28-a0-751-gef3a642a4e (webtiles) character file.

Game seed: 14061230843114077144

37 lawman0 the Magician (level 3, -5/25 HPs)
             Began as a Djinni Summoner on Oct 31, 2021.
             Killed by divine providence
             ... invoked by an orc priest
              (10 damage)
             ... on level 3 of the Dungeon.
             The game lasted 00:02:28 (2013 turns).

lawman0 the Magician (Djinni Summoner)              Turns: 2013, Time: 00:02:29

Health: -5/25      AC:  2    Str:  7    XL:     3   Next: 62%
Gold:   59         EV: 12    Int: 17    God:
                   SH:  0    Dex: 13

rFire   + + .      SeeInvis .   d - +2 dagger (venom)
rCold   x . .      Faith    .   (no shield)
rNeg    . . .      Spirit   .   a - +0 robe
rPois   ∞          Reflect  .   (no helmet)
rElec   .          Harm     .   (no cloak)
rCorr   .          Rampage  .   (no gloves)
Will    .....                   (boots unavailable)
Stlth   ++........              (no amulet)
HPRegen 0.08/turn               (no ring)
MPRegen 0.00/turn               (no ring)

@: flying
A: sickness immunity, fire resistance 2, cold vulnerability 1, float, innate
caster, hp casting, extra vitality 1
a: no special abilities


You were on level 3 of the Dungeon.
You visited 1 branch of the dungeon, and saw 3 of its levels.

You collected 59 gold pieces.

Inventory:

Hand Weapons
 b - a +0 short sword
 d - a +2 dagger of venom (weapon)
Armour
 a - a +0 robe (worn)
Scrolls
 c - a scroll of fear
 e - a scroll of torment {unknown}


   Skills:
 - Level 0.5 Short Blades
 + Level 2.5 Dodging
 + Level 1.6 Stealth
 + Level 3.9 Spellcasting


You couldn't memorise any spells.
You knew the following spells:

 Your Spells              Type           Power      Damage    Failure   Level
a - Summon Small Mammal   Summ           64%        N/A       3%          1
b - Call Imp              Summ           16%        N/A       4%          2
c - Call Canine Familiar  Summ           16%        N/A       10%         3
d - Summon Guardian Gole  Hex/Summ       16%        N/A       10%         3
e - Summon Lightning Spi  Summ/Air       16%        N/A       32%         4
f - Beastly Appendage     Tmut           32%        N/A       3%          1
Your spell library was empty.

Dungeon Overview and Level Annotations

Branches:
Dungeon (3/15)

Altars:
Zin


Innate Abilities, Weirdness & Mutations

You are immune to sickness and miasma.
You are immune to poison.
Your flesh is very heat resistant. (rF++)
You are vulnerable to cold. (rC-)
You float through the air rather than walking.
You learn spells naturally, not from books.
Your magical power is your life essence.
You have superior vitality. (+4 HP)


Message History

The orc is heavily wounded.
The orc hits you with a +0 short sword.
Your crimson imp barely misses the orc.
You closely miss the orc.
The orc is heavily wounded.
The orc misses you.
Your crimson imp hits the orc.
You barely miss the orc.
The orc is severely wounded.
The orc shouts!
The orc priest shouts!
The orc hits you with a +0 short sword.
Your crimson imp barely misses the orc.
An orc comes into view. It is wielding a +0 hand axe.
Unknown command.
The orc hits you but does no damage.
Your crimson imp hits the orc.
Your crimson imp blinks!
Unknown command.
Unknown command.
Unknown command.
Your crimson imp blinks!
Unknown command.
You hit the orc.
You kill the orc!
An endoplasm comes into view.
The orc closely misses your crimson imp.
Your crimson imp blinks!
The orc closely misses you.
A kobold comes into view. It is wielding a +0 short sword.
You see here a +0 short sword.
You hit the orc.
The orc is poisoned.
The orc is heavily wounded.
The orc hits you with a +0 whip of electrocution.
You are electrocuted!
* * * LOW HITPOINT WARNING * * *
Your crimson imp hits the orc priest but does no damage.
You are too injured to fight recklessly!
Unknown command.
Unknown command.
Your crimson imp blinks!
Unknown command.
The orc priest mumbles some strange prayers to Beogh against you.
Beogh smites you!
You die...

#.#. #.##.# #.K.
#.##.# ##.###..####
#.##.# ......§.J..#
###.##.#
#......)o..###...##.#
#.........o.##.####.##
.###..#####o....##...#
..... #..<.......#
..... #..@.<##...#
##.## #.....##....# #.
#.......#####..# .
#.......# #.#
.......<.. .#
############ .#


You could see an orc priest, 2 orcs, an endoplasm and a kobold.

Vanquished Creatures
  An adder (D:3)
  An orc (D:3)
  2 ball pythons (D:2)
  2 goblins (D:2)
  2 kobolds (D:2)
  A quokka (D:2)
9 creatures vanquished.

Vanquished Creatures (collateral kills)
  A worm (D:2)
  2 goblins (D:2)
  A hobgoblin (D:2)
  4 kobolds (D:2)
  A quokka (D:2)
  3 ball pythons (D:2)
  A bat (D:2)
  A frilled lizard (D:2)
14 creatures vanquished.

Grand Total: 23 creatures vanquished

Notes
Turn   | Place    | Note
-------+----------+-------------------------------------------
     0 | D:1      | lawman0 the Djinni Summoner began the quest for the Orb.
     0 | D:1      | Reached XP level 1. HP: 15/15 MP: 0/0
    60 | D:1      | You are sucked into a shaft and drop 1 floor!
   472 | D:2      | Found a glowing silver altar of Zin.
   501 | D:2      | Reached XP level 2. HP: 8/21 MP: 0/0
   798 | D:2      | HP: 1/21 [kobold/stone (1)]
   819 | D:2      | HP: 1/21 [kobold/stone (1)]
  1454 | D:2      | Reached XP level 3. HP: 21/25 MP: 0/0
  1454 | D:2      | Learned a level 1 spell: Beastly Appendage
  2013 | D:3      | Killed from afar by an orc priest

Illustrated notes

Levels and vault maps discovered:
D:1:      doesnt_arrival_eight_statues, layout_rooms,
          dreamdust_ecumenical_altar_angels_and_demons, minivault_23
D:2:      layout_basic, basic_altar, minmay_misc_feat_rows, minmay_tromino_v7
D:3:      layout_rooms, mainiacjoe_overflow_surrounded_room, serial_shops, shop,
          chequers_avenue, uniq_natasha, uniq_crazy_yiuf_cottage

Action                   || total
-------------------------++-------
Melee: Short sword       ||    24
       Dagger            ||    18
 Cast: Summon Small Mamm ||    18
       Call Imp          ||     8
  Use: Scroll            ||     1
 Stab: Sleeping          ||     1
Armor: Robe              ||    16
Dodge: Dodged            ||    55

Table legend: (Time is in decaauts)
 A = Elapsed time spent in this place.
 B = Non-inter-level travel time spent in this place.
 C = Inter-level travel time spent in this place.
 D = Time resting spent in this place.
 E = Time spent auto-exploring this place.
 F = Levels seen in this place.
 G = Mean time per level.
                   A        B        C        D        E       F      G
               +--------+--------+--------+--------+--------+-----+--------+
         Total |   2013 |   1979 |     34 |    566 |   1063 |   3 |  671.0 |
       Dungeon |   2013 |   1979 |     34 |    566 |   1063 |   3 |  671.0 |
               +--------+--------+--------+--------+--------+-----+--------+

Top non-repeatable levels by time:
     D:2: 1871 daAuts
     D:3: 82 daAuts
     D:1: 60 daAuts
